 Dungeon Crawl Stone Soup version 0.17-a0-2109-g117576f (webtiles) character file.

507950 hexophile the Fetichist (level 23, -3/215 HPs)
             Began as a Minotaur Fighter on Oct 19, 2015.
             Was the Champion of Makhleb.
             Killed from afar by a Brimstone Fiend (36 damage)
             ... with a blast of hellfire
             ... created by the effects of Hell
             ... on level 7 of Gehenna.
             The game lasted 01:40:54 (35151 turns).

hexophile the Fetichist (Minotaur Fighter)         Turns: 35151, Time: 01:40:54

Health: -3/215     AC: 36    Str: 36    XL:     23   Next: 55%
Magic:  0/45       EV: 27    Int: 14    God:    Makhleb [******]
Gold:   3001       SH: 30    Dex: 24    Spells: 4 memorised, 20 levels left

rFire  + + +     SeeInvis .     w - +7 broad axe "Earthworm" {elec, rPois Str+5 Stlth-}
rCold  + + +     Clarity  .     r - +0 chain mail of the King of the Hill {rF+++ rC+++ Str+4 Int-2}
rNeg   . . .     SustAt   .     L - +6 large shield {reflect} {Reflect}
rPois  +         Gourm    .     F - +0 hat of the Lotus Blossom {+Inv rPois rC+ MP+9}
rElec  +         Spirit   +     B - +2 cloak {MR+} {MR+}
rCorr  +         Warding  .     R - +2 pair of gloves of Tulips {MR++ Stlth+}
rMut   .         Stasis   .     W - +4 pair of boots of the Apprentice {rCorr Int+4}
MR     +++++                    I - amulet of guardian spirit {Spirit}
Stlth  ..........               c - ring of Haonyap {rElec rC+ Int+7}
                                Y - +5 ring of protection

@: agile, drained, almost entirely resistant to hostile enchantments, extremely
unstealthy
A: retaliatory headbutt, horns 2, repulsion field 1, rough black scales 1, thin
skeletal structure 1, agile 1, magic resistance 1, shaggy fur 1, strong 1, no
device heal 1
a: Minor Destruction, Lesser Servant of Makhleb, Major Destruction, Greater
Servant of Makhleb, Renounce Religion, Evoke Invisibility
}: 4/15 runes: decaying, serpentine, silver, obsidian


You were on level 7 of Gehenna.
You worshipped Makhleb.
Makhleb was exalted by your worship.
You were not hungry.

You visited 11 branches of the dungeon, and saw 56 of its levels.
You also visited: Labyrinth and Bailey.

You collected 4585 gold pieces.
You spent 1584 gold pieces at shops.


Innate Abilities, Weirdness & Mutations

You reflexively headbutt those who attack you in melee.
You have a pair of horns on your head.
You are surrounded by a mild repulsion field (EV +2).
You are partially covered in rough black scales (AC +4, Dex -1).
You have a somewhat thin skeletal structure (Dex +2, Stealth).
You are agile. (Dex +2)
You are resistant to hostile enchantments.
You are covered in fur (AC +1).
Your muscles are strong. (Str +2)
Potions and wands are less effective at restoring your health.

Inventory:

Hand Weapons
 q - the +7 morningstar of Resaprot {flame, rElec rC+ MP+9 Str-2}
   (You found it on level 1 of the Swamp)

   It has been specially enchanted to burn those struck by it, causing extra
   injury to most foes and up to half again as much damage against particularly
   susceptible opponents.
   It affects your strength (-2).
   It protects you from cold.
   It insulates you from electricity.
   It affects your magic capacity (+9).
 w - the +7 broad axe "Earthworm" (weapon) {elec, rPois Str+5 Stlth-}
   (You acquired it on level 8 of the Lair of Beasts)

   Occasionally, upon striking a foe, it will discharge some electrical energy
   and cause terrible harm.
   It affects your strength (+5).
   It protects you from poison.
   It makes you less stealthy.
 E - a +0 trident of distortion
 H - the +9 broad axe "Demonbane" {drain, rPois Dex+2}
   (You found it on level 5 of the Vaults)

   A truly terrible weapon, it drains the life of those it strikes.
   It affects your dexterity (+2).
   It protects you from poison.
Armour
 r - the +0 chain mail of the King of the Hill (worn) {rF+++ rC+++ Str+4 Int-2}
   (You found it on level 8 of the Dungeon)

   It affects your strength (+4).
   It affects your intelligence (-2).
   It renders you almost immune to fire.
   It renders you almost immune to cold.
 B - a +2 cloak of magic resistance (worn) {MR+}
 F - the +0 hat of the Lotus Blossom (worn) {+Inv rPois rC+ MP+9}
   (You acquired it on level 7 of the Lair of Beasts)

   It protects you from cold.
   It protects you from poison.
   It affects your magic capacity (+9).
   It lets you turn invisible.
 L - a +6 large shield of reflection (worn) {Reflect}
 R - the +2 pair of gloves of Tulips (worn) {MR++ Stlth+}
   (You found it on level 14 of the Dungeon)

   It affects your resistance to hostile enchantments.
   It makes you more stealthy.
 W - the +4 pair of boots of the Apprentice (worn) {rCorr Int+4}
   (You found it on level 6 of the Lair of Beasts)

   It affects your intelligence (+4).
   It protects you from acid and corrosion.
Jewellery
 c - the ring of Haonyap (right hand) {rElec rC+ Int+7}
   (You found it on level 3 of the Elven Halls)

   [ring of protection from cold]

   It affects your intelligence (+7).
   It protects you from cold.
   It insulates you from electricity.
 I - an amulet of guardian spirit (around neck) {Spirit}
 P - an uncursed amulet of rage {+Rage}
 S - an uncursed ring of sustain attributes
 Y - a +5 ring of protection (left hand)
Wands
 b - a wand of digging (9)
 n - a wand of hasting (4)
 C - a wand of lightning (4)
 G - a wand of teleportation (5) {!V}
 V - a wand of heal wounds (2) {!V}
Scrolls
 a - 6 scrolls of teleportation
 d - 10 scrolls of recharging
 h - 2 scrolls of holy word
 j - 7 scrolls of amnesia
 m - 6 scrolls of fear
 o - 14 scrolls of immolation
 t - 3 scrolls of summoning
 x - 14 scrolls of remove curse
 y - 3 scrolls of torment
 A - 4 scrolls of magic mapping
 N - 10 scrolls of identify
 O - 4 scrolls of fog
 Q - 2 scrolls of blinking
Potions
 g - 4 potions of agility
 k - a potion of haste
 l - 11 potions of brilliance
 p - 2 potions of resistance
 s - 15 potions of curing
 D - a potion of cancellation
 J - a potion of magic
 K - 3 potions of ambrosia
 T - a potion of cure mutation {!q}
 X - 3 potions of lignification
 Z - 4 potions of heal wounds
Miscellaneous
 f - a fan of gales
 i - a phial of floods
 v - a disc of storms
 M - a lamp of fire
 U - a stone of tremors
Comestibles
 e - 9 bread rations
 u - 44 fruits
 z - 13 meat rations


You had 20 spell levels left.
You knew the following spells:

 Your Spells              Type           Power        Failure   Level  Hunger
a - Phase Shift           Tloc           ####......   61%         5    #####..
b - Silence               Hex/Air        #.........   100%        5    #####..
c - Deflect Missiles      Chrm/Air       #.........   100%        6    #######
z - Apportation           Tloc           ####......   1%          1    None


   Skills:
 - Level 20.0(19.7) Fighting
 - Level 18.0(17.7) Axes
 - Level 15.1(14.9) Armour
 - Level 13.0(12.7) Dodging
 - Level 15.2(15.0) Shields
 + Level 7.6(7.4) Spellcasting
 + Level 10.4(10.2) Translocations
 - Level 10.0(9.7) Invocations
 - Level 20.6(20.3) Evocations

Dungeon Overview and Level Annotations

Branches:
Dungeon (15/15)            Temple (1/1) D:4            Lair (8/8) D:10
  Swamp (4/4) Lair:4        Snake (4/4) Lair:4        Slime (0/6) Lair:7
    Orc (4/4) D:12            Elf (3/3) Orc:3        Vaults (5/5) D:13
  Crypt (0/3) Vaults:2     Depths (4/5) D:15           Hell (1/1)
    Geh (7/7) Hell
    Dis: Hell:1         Coc: Hell:1         Tar: Hell:1

Altars:
Ashenzari
Cheibriados
Dithmenos
Elyvilon
Fedhas
Gozag
Kikubaaqudgha
Makhleb
Nemelex Xobeh
Okawaru
Qazlal
Ru
Sif Muna
Trog
Vehumet
Xom
Yredelemnul
Zin
The Shining One
Beogh

Shops:
D:4 *   D:9 [   D:13 :   Orc:2 %   Orc:3 !   Orc:4 **(?(   Elf:1 *
Vaults:1 [}[   Vaults:2 %   Vaults:3 ?

Portals:
Hell: Depths:3
Abyss: Depths:3
Pandemonium: Depths:3

Annotations:
Geh:7 Asmodeus

Vault maps used:
D:1:      dpeg_arrival_round_b, minmay_door_square
D:2:      grunt_ministairs_6
D:3:      lemuel_castle_with_subvaults, minmay_misc_feat_roman,
          evilmike_ruin_ashenzari
D:4:      minmay_temple_entry_butterflies, serial_shops, shop,
          kennysheep_generic_room_5
D:5:      first_bread
D:7:      kennysheep_steamy, grunt_dithmenos_smoke
D:9:      serial_ice, serial_ice_l, serial_ice_n, serial_ice_a, serial_ice_c,
          serial_shops, nicolae_shop_waterfront
D:10:     kennysheep_town, uniq_sonja, uniq_joseph, uniq_josephine
D:12:     orc_0_dummy, basic_altar, blue_anna_alchemist, nicolae_two_hexagons,
          nrook_mini_backslash, uniq_urug
D:13:     grunt_vaults_entry_tiered, serial_shops, nicolae_shop_waterfront,
          lemuel_angel_altar
D:14:     okawaru_ov_weapons_minmay
D:15:     gammafunk_depths_entry_grave, serial_park_square2,
          minmay_misc_feat_tower, hangedman_decor_opposing, kb_tengu_band
Temple:   grunt_circular_temple_18
Lair:1:   eino_small_chamber_without_monster, beast_lair_carwin_5,
          serial_bayou_shore_b, grunt_megastairs_1
Lair:2:   lab_entry_generic, grunt_megastairs_3, bh_autumn_forest_stairs
Lair:3:   boulder_dual_corridor_run, beast_lair_carwin_2, uniq_snorg
Lair:4:   minmay_swamp_entry_reptiles, minmay_snake_entry_guardpost_medium,
          serial_forest, infiniplex_forest_lined_3_way,
          infiniplex_forest_clump_tiny, infiniplex_forest_lined_2,
          infiniplex_forest_zigzag_1, infiniplex_forest_lined_corner,
          infiniplex_forest_lined_3, serial_bayou_shore_b
Lair:7:   beast_lair_carwin_large_2, minmay_slime_entry_pillars,
          minmay_stone_trees_small, minivault_24, lemuel_fruit_fields
Lair:8:   guppyfry_lair_end_dragon, hibernation_bobbens
Swamp:1:  serial_swamp_ruin, evilmike_swamp_ruin_house_3,
          evilmike_swamp_ruin_rubble_1, swamp_pool2,
          nicolae_swamp_necromancer_hut
Swamp:2:  evilmike_swamp_ruin_house_2, nicolae_swamp_trees_clearing,
          infiniplex_staircase_pool
Swamp:3:  evilmike_swamp_ruin_house_1
Swamp:4:  swamp_alternative
Snake:1:  serial_bayou_shore_a, grunt_megastairs_4, uniq_louise, uniq_aizul
Snake:3:  serial_shops, nicolae_shop_behind_doors, nicolae_snake_squiggles,
          st_stairs_8
Snake:4:  grunt_snake_rune_spirals
Orc:2:    basic_altar, serial_shops, shop, uniq_gastronok
Orc:3:    enter_bailey_3, serial_shops, shop, nicolae_orc_pool_cavern
Orc:4:    st_orc_pillars, serial_shops, nicolae_shop_behind_doors, uniq_rupert
Elf:1:    elf_arrival_001, serial_shops, shop_statue, minivault_28,
          minivault_28, uniq_agnes
Elf:2:    serial_shops, shop, nicolae_shop_crystal, shop,
          nicolae_shop_behind_doors, uniq_jorgrun
Elf:3:    minmay_elf_hall_spiked, uniq_roxanne
Vaults:1: hangedman_vaults_trim, ontoclasm_vaults_eye, v_rooms_1,
          vaults_dpeg_cross, hangedman_vaults_restitches,
          nicolae_vaults_little_squares_6, vaults_room_fours, v_rooms_2,
          nicolae_vaults_diagonal_hallway_7, serial_shops, shop,
          nicolae_shop_crystal, shop, basic_altar
Vaults:2: grunt_vaults_funnel, nicolae_vaults_disjoint_gnomons,
          minmay_crypt_entry_simple_round, v_misc_8, v_misc_33,
          nicolae_vaults_ninety_degrees, vaults_room_semicircle,
          ontoclasm_vaults_hangar, v_misc_1,
          nicolae_vaults_windows_and_doors_thing, nicolae_vaults_rhombus_5,
          serial_shops, shop, uniq_saint_roka
Vaults:3: ontoclasm_vaults_spin, hangedman_vaults_corner_blocks,
          dpeg_vaults_monster_box, v_misc_15, vaults_mumra_minichess,
          vaults_room_stairs_pillars, v_pattern_3, vaults_mumra_chevron,
          vaults_room_fours, nicolae_vaults_little_squares_3,
          nicolae_vaults_little_squares_1, hangedman_vaults_variations,
          v_misc_15, nicolae_vaults_theta, serial_shops, shop, uniq_donald
Vaults:4: vaults_room_large_hall, vaults_room_door_ring, grunt_vaults_trifunnel,
          hangedman_vaults_cutoff, v_misc_16, nicolae_vaults_circle_grid_b,
          kb_rosetta, v_misc_28, v_misc_16, v_misc_24, nicolae_vaults_rhombus_6,
          nicolae_vaults_little_ls, hangedman_vaults_trim, vaults_mumra_hexcomb
Vaults:5: uniq_mara
Depths:1: minmay_misc_feat_five, lightli_too_deep, aerie_lemuel,
          serial_bayou_shore_b, serial_bayou_shore_b, serial_bayou_shore_b
Depths:2: mu_elemental_laboratory, enter_ziggurat_f, hell_entry,
          nemelex_xobeh_ov_fountains_minmay, grunt_pan_entry_in_and_out,
          infiniplex_staircase_pool_lava
Depths:3: minmay_octagon_city, pan_entry, hell_entry, minmay_misc_feat_ornament,
          abyss_entry, infiniplex_staircase_diamond
Depths:4: kennysheep_bubble_arena, hell_entry, serial_sigils,
          serial_sigils_hangedman_writhe, serial_sigils_hangedman_gnaw,
          serial_sigils_hangedman_clutch, serial_sigils_hangedman_gut,
          serial_sigils_hangedman_leer, abyss_entry, serial_shops, shop
Geh:1:    minmay_fire_ice_demons
Geh:6:    grunt_megastairs_2
Geh:7:    geh_grunt
Lab:      labyrinth_glass_2
Bailey:   bailey_polearm_1, bailey
You       could see a
Brimstone Fiend, a wraith and a fire giant skeleton.


Message History

Press } to see all the runes you have collected.
The Brimstone Fiend gestures at you.
The hellfire explodes!
The blast of hellfire engulfs you!
* * * LOW MAGIC WARNING * * *
* * * LOW HITPOINT WARNING * * *
You take 36 damage, and have 36/215 hp.
You now have 2/45 mp.
Unknown command.
Read which item? (? for menu, Esc to quit)
As you read the scroll of teleportation, it crumbles to dust.
You feel strangely unstable.
You feel sick.
You are no longer poisoned.
Asmodeus gestures at you. The bolt of fire hits you! You resist.
* * * LOW HITPOINT WARNING * * *
You take 2 damage, and have 34/215 hp.
Unknown command.
Unknown command.
There is a huge open gate here.
There is a huge open gate here.
You see here a demon whip.
Your surroundings suddenly seem different.
Drink which item? (? for menu, Esc to quit)
You feel much better.
You regained 10 hp, and now have 46/215 hp.
You hear words spoken in a strange and terrible language...
A wave of violent energy washes through your body!
* * * LOW MAGIC WARNING * * *
* * * LOW HITPOINT WARNING * * *
You take 7 damage, and have 50/215 hp.
You now have 10/45 mp.
You hear a roar!
You hear a shout!
Unknown command.
Drink which item? (? for menu, Esc to quit)
Okay, then.
A wraith comes into view.
The Brimstone Fiend calls on the powers of darkness!
Your body is wracked with pain!
* * * LOW MAGIC WARNING * * *
* * * LOW HITPOINT WARNING * * *
You take 19 damage, and have 33/215 hp.
You now have 7/45 mp.
You block the Brimstone Fiend's attack.
The Brimstone Fiend completely misses you.
The Brimstone Fiend hits you but does no damage.
Unknown command.
You hit the Brimstone Fiend.
There is a sudden explosion of sparks!
You headbutt the Brimstone Fiend.
The Brimstone Fiend is moderately wounded.
The Brimstone Fiend gestures at you.
The hellfire explodes!
The blast of hellfire engulfs you!
* * * LOW MAGIC WARNING * * *
You die...

Action                   |  1- 3 |  4- 6 |  7- 9 | 10-12 | 13-15 | 16-18 | 19-21 | 22-24 || total
-------------------------+-------+-------+-------+-------+-------+-------+-------+-------++-------
Melee: War axe           |    81 |   106 |   255 |   544 |   189 |       |       |       ||  1175
       Broad axe         |       |       |       |       |   815 |   902 |  1085 |   828 ||  3630
       Morningstar       |       |       |       |       |       |    86 |       |       ||    86
 Cast: Apportation       |       |       |       |       |       |       |       |     1 ||     1
Invok: Lesser Servant of |       |       |       |    12 |    14 |     3 |     2 |       ||    31
       Minor Destruction |       |       |       |     3 |       |       |       |       ||     3
       Greater Servant o |       |       |       |     1 |       |     2 |     1 |     8 ||    12
Evoke: Wand              |       |       |       |    21 |     3 |     7 |     1 |       ||    32
       Phial of floods   |       |       |       |     1 |       |       |       |       ||     1
  Use: Scroll            |       |     9 |     9 |     9 |    13 |     6 |    14 |     6 ||    66
       Potion            |       |     4 |     6 |     2 |     3 |     3 |       |     4 ||    22
 Stab: Distracted        |       |       |       |     4 |     1 |     4 |     1 |     4 ||    14
       Confused          |       |       |       |       |       |     2 |       |       ||     2
  Eat: Chunk             |     1 |     7 |    10 |    15 |    29 |     9 |       |       ||    71
       Pizza             |       |       |     1 |       |     2 |       |     1 |       ||     4
       Beef jerky        |       |       |       |     1 |       |     7 |     2 |       ||    10
       Bread ration      |       |       |       |     1 |       |       |     1 |     3 ||     5
       Fruit             |       |       |       |       |     8 |       |       |       ||     8
       Royal jelly       |       |       |       |       |     1 |       |       |       ||     1

Notes
Turn   | Place    | Note
--------------------------------------------------------------
     0 | D:1      | hexophile the Minotaur Fighter began the quest for the Orb.
     0 | D:1      | Reached XP level 1. HP: 19/19 MP: 0/0
    36 | D:1      | Reached skill level 3 in Axes
   121 | D:1      | Reached XP level 2. HP: 26/26 MP: 1/1
   357 | D:1      | Reached skill level 4 in Axes
   385 | D:2      | Reached XP level 3. HP: 31/31 MP: 2/2
   959 | D:2      | Reached skill level 5 in Axes
  1269 | D:3      | Reached XP level 4. HP: 39/39 MP: 3/3
  1570 | D:3      | Found a shattered altar of Ashenzari.
  1629 | D:4      | Reached skill level 6 in Axes
  1824 | D:4      | Found Hahiqarch's Assorted Antiques.
  1831 | D:4      | Reached XP level 5. HP: 32/45 MP: 4/4
  1914 | D:4      | Bought a scroll labeled OVULUU COILIF for 28 gold pieces
  1914 | D:4      | Bought a scroll labeled WAFFE HUANAL for 28 gold pieces
  1942 | D:4      | Found a staircase to the Ecumenical Temple.
  1960 | Temple   | Entered the Ecumenical Temple
  1999 | Temple   | Became a worshipper of Makhleb the Destroyer
  2138 | D:4      | Reached skill level 7 in Axes
  2417 | D:5      | Entered Level 5 of the Dungeon
  2549 | D:5      | Reached XP level 6. HP: 51/51 MP: 5/5
  3033 | D:6      | Reached skill level 4 in Fighting
  3033 | D:6      | Reached skill level 8 in Axes
  3033 | D:6      | Reached skill level 1 in Dodging
  3290 | D:6      | Gained mutation: You are agile. (Dex +2) [potion of mutation]
  3290 | D:6      | Gained mutation: Your muscles are strong. (Str +2) [potion of mutation]
  3290 | D:6      | Gained mutation: You are covered in fur (AC +1). [potion of mutation]
  3295 | D:6      | Reached skill level 4 in Armour
  3295 | D:6      | Reached skill level 4 in Shields
  3302 | D:6      | Reached skill level 2 in Dodging
  3302 | D:6      | Reached XP level 7. HP: 18/60 MP: 6/6
  4141 | D:7      | Gained mutation: You have a somewhat thin skeletal structure (Dex +2, Stealth). [potion of beneficial mutation]
  4142 | D:7      | Gained mutation: You are partially covered in rough black scales (AC +4, Dex -1). [potion of beneficial mutation]
  4143 | D:7      | Gained mutation: You are surrounded by a mild repulsion field (EV +2). [potion of beneficial mutation]
  4165 | D:7      | Reached skill level 3 in Dodging
  4173 | D:7      | Reached * piety under Makhleb
  4173 | D:7      | Reached skill level 5 in Armour
  4288 | D:7      | Reached skill level 5 in Fighting
  4305 | D:7      | Reached skill level 5 in Shields
  4305 | D:7      | Reached XP level 8. HP: 68/68 MP: 7/7
  4363 | D:7      | Found a shadowy altar of Dithmenos.
  4512 | D:7      | Reached skill level 9 in Axes
  5094 | D:7      | Reached skill level 6 in Fighting
  5275 | D:8      | Reached skill level 4 in Dodging
  5281 | D:8      | Got a fine chain mail
  5292 | D:8      | Identified the +0 chain mail of the King of the Hill {rF+++ rC+++ Str+4 Int-2} (You found it on level 8 of the Dungeon)
  5614 | D:8      | Reached skill level 6 in Armour
  5614 | D:8      | Reached skill level 6 in Shields
  5756 | D:8      | Reached XP level 9. HP: 75/78 MP: 8/8
  5822 | D:8      | Reached skill level 7 in Fighting
  6058 | D:8      | Reached ** piety under Makhleb
  6095 | D:9      | Reached skill level 10 in Axes
  6227 | D:9      | Reached skill level 5 in Dodging
  6377 | D:9      | Reached skill level 8 in Fighting
  6593 | D:9      | Reached *** piety under Makhleb
  6593 | D:9      | Reached skill level 7 in Armour
  6636 | D:9      | Reached skill level 11 in Axes
  6672 | D:9      | Found Neseple's Antique Armour Boutique.
  6899 | D:10     | Entered Level 10 of the Dungeon
  6909 | D:10     | Reached skill level 9 in Fighting
  6909 | D:10     | Reached skill level 7 in Shields
  6909 | D:10     | Reached XP level 10. HP: 82/91 MP: 9/9
  7674 | D:10     | Killed an unseen horror
  7776 | D:10     | Noticed Sonja
  7930 | D:10     | Reached skill level 10 in Fighting
  7934 | D:10     | Killed Sonja
  7934 | D:10     | Reached skill level 12 in Axes
  7990 | D:10     | Reached **** piety under Makhleb
  8374 | D:10     | Reached skill level 1 in Invocations
  8526 | D:10     | Found an ancient bone altar of Kikubaaqudgha.
  8546 | D:10     | Reached skill level 2 in Invocations
  8571 | D:10     | Reached skill level 3 in Invocations
  8585 | D:10     | Reached skill level 4 in Invocations
  8652 | D:10     | Noticed a hill giant
  8668 | D:10     | Killed a hill giant
  8668 | D:10     | Reached XP level 11. HP: 81/101 MP: 13/13
  8742 | D:10     | Reached skill level 5 in Invocations
  8807 | D:10     | Noticed Josephine
  8818 | D:10     | Killed Josephine
  8822 | D:10     | Reached skill level 6 in Invocations
  8869 | D:10     | Got a faintly glowing chain mail
  8870 | D:10     | Identified the +2 chain mail "Joekahiu" {rElec rCorr SInv} (You found it on level 10 of the Dungeon)
  8926 | D:10     | Found a staircase to the Lair.
  9097 | D:10     | Reached skill level 7 in Invocations
  9132 | D:10     | Noticed Joseph
  9140 | D:10     | Killed Joseph
  9238 | D:10     | Reached ***** piety under Makhleb
  9246 | D:10     | Reached skill level 8 in Invocations
  9574 | D:10     | Reached skill level 9 in Invocations
  9769 | Lair:1   | Entered Level 1 of the Lair of Beasts
 10209 | Lair:1   | Reached skill level 10 in Invocations
 10366 | Lair:1   | Reached skill level 6 in Dodging
 10427 | Lair:2   | Found a labyrinth entrance.
 10437 | Lab      | Entered a labyrinth
 10779 | Lab      | Noticed a minotaur
 10796 | Lab      | Killed a minotaur
 10871 | Lair:2   | Noticed an eight-headed hydra
 10883 | Lair:2   | Killed an eight-headed hydra
 10883 | Lair:2   | Reached skill level 8 in Armour
 10965 | Lair:2   | Reached XP level 12. HP: 108/108 MP: 18/18
 11081 | Lair:2   | Reached skill level 8 in Shields
 11296 | Lair:2   | Reached skill level 7 in Dodging
 11649 | Lair:3   | Noticed Snorg
 11671 | Lair:3   | Killed Snorg
 11671 | Lair:3   | Reached skill level 9 in Armour
 11720 | Lair:3   | Noticed a seven-headed hydra
 11725 | Lair:3   | Killed a seven-headed hydra
 11739 | Lair:3   | Noticed a four-headed hydra
 11748 | Lair:3   | Killed a four-headed hydra
 11748 | Lair:3   | Reached skill level 9 in Shields
 11794 | Lair:3   | Reached skill level 8 in Dodging
 12120 | Lair:4   | Reached skill level 10 in Armour
 12126 | Lair:4   | Reached skill level 10 in Shields
 12126 | Lair:4   | Reached ****** piety under Makhleb
 12150 | Lair:4   | Found a staircase to the Snake Pit.
 12206 | Lair:4   | Found a staircase to the Swamp.
 12214 | Lair:4   | Reached skill level 9 in Dodging
 12880 | Lair:5   | Got a scorched long sword
 12882 | Lair:5   | Identified the +4 long sword "Odur" {drain, Str+4} (You found it on level 5 of the Lair of Beasts)
 13039 | Lair:5   | Reached XP level 13. HP: 90/114 MP: 19/19
 13107 | Lair:5   | Reached skill level 11 in Armour
 13461 | Lair:6   | Got a pair of scorched boots
 13548 | Lair:6   | Reached skill level 11 in Shields
 13725 | Lair:7   | Identified the +4 pair of boots of the Apprentice {rCorr Int+4} (You found it on level 6 of the Lair of Beasts)
 13822 | Lair:7   | Reached skill level 10 in Dodging
 14180 | Lair:7   | Found a staircase to the Slime Pits.
 14212 | Lair:7   | Reached skill level 12 in Armour
 14579 | Lair:8   | Entered Level 8 of the Lair of Beasts
 14581 | Lair:8   | Identified 3 scrolls of acquirement
 14584 | Lair:8   | Got a dazzling broad axe
 14593 | Lair:7   | Identified the +7 broad axe "Earthworm" {elec, rPois Str+5 Stlth-} (You acquired it on level 8 of the Lair of Beasts)
 14619 | Lair:7   | Got a bloodstained hat
 14625 | Lair:7   | Identified the +0 hat of the Lotus Blossom {+Inv rPois rC+ MP+9} (You acquired it on level 7 of the Lair of Beasts)
 14671 | Lair:8   | Reached skill level 12 in Shields
 14722 | Lair:8   | Reached skill level 11 in Dodging
 14741 | Lair:8   | Got a twisted hand axe
 14742 | Lair:8   | Identified the cursed +2 hand axe of Legraw {drain, *Confuse MP+9 Str+10 SInv} (You found it on level 8 of the Lair of Beasts)
 15106 | Lair:8   | Reached XP level 14. HP: 122/122 MP: 20/20
 15274 | Lair:8   | Reached skill level 13 in Armour
 15281 | Lair:8   | Reached skill level 13 in Shields
 16337 | D:12     | Found a staircase to the Orcish Mines.
 16383 | D:12     | Reached skill level 12 in Dodging
 16745 | D:12     | Found a shimmering altar of Xom.
 16771 | D:12     | Noticed Urug
 16783 | D:12     | Killed Urug
 16948 | Orc:1    | Entered Level 1 of the Orcish Mines
 17129 | Orc:2    | Noticed Gastronok
 17139 | Orc:2    | Killed Gastronok
 17183 | Orc:2    | Found a roughly hewn altar of Beogh.
 17288 | Orc:2    | Found Zewkomn Fecs's Food Shoppe.
 17784 | Orc:3    | Found a flagged portal.
 17792 | Bailey   | Entered a bailey
 18002 | Bailey   | Got an ancient plate armour
 18037 | Bailey   | Identified the cursed +1 plate armour of Dowaclein {rElec rN++ MP+9 Dex-4} (You found it in a bailey)
 18245 | Orc:3    | Found Acofaopp's Distillery.
 18252 | Orc:3    | Bought a potion of heal wounds for 70 gold pieces
 18321 | Orc:3    | Found a staircase to the Elven Halls.
 18615 | Orc:4    | Entered Level 4 of the Orcish Mines
 18667 | Orc:4    | Noticed Rupert
 18680 | Orc:4    | Killed Rupert
 18777 | Orc:4    | Found Ifytzeumi's General Store.
 18782 | Orc:4    | Bought a potion of cure mutation for 560 gold pieces
 18782 | Orc:4    | Bought a scroll of teleportation for 48 gold pieces
 19261 | Orc:4    | Reached skill level 14 in Shields
 19515 | Orc:4    | Reached skill level 14 in Armour
 19644 | Orc:4    | Reached skill level 13 in Dodging
 19650 | Orc:4    | Found Dorpheere's Antique Weapon Shop.
 19650 | Orc:4    | Found Naasac's Assorted Antiques.
 19651 | Orc:4    | Found Kevveh's Antique Weapon Shop.
 19651 | Orc:4    | Found Plog's Magic Scroll Boutique.
 19662 | Orc:4    | Bought a scroll of identify for 54 gold pieces
 19663 | Orc:4    | Bought a scroll of immolation for 38 gold pieces
 19663 | Orc:4    | Bought a scroll of immolation for 38 gold pieces
 19663 | Orc:4    | Bought a scroll of identify for 22 gold pieces
 19663 | Orc:4    | Bought a scroll of teleportation for 33 gold pieces
 19663 | Orc:4    | Bought a scroll of identify for 22 gold pieces
 19663 | Orc:4    | Bought a scroll of identify for 22 gold pieces
 19663 | Orc:4    | Bought a scroll of immolation for 38 gold pieces
 20103 | Snake:1  | Entered Level 1 of the Snake Pit
 20239 | Snake:1  | Noticed Louise
 20256 | Snake:1  | Killed Louise
 20432 | Snake:1  | Reached XP level 15. HP: 121/128 MP: 21/21
 20433 | Snake:1  | Reached skill level 13 in Axes
 20525 | Snake:1  | Noticed Aizul
 20537 | Snake:1  | Killed Aizul
 20598 | Snake:1  | Reached skill level 15 in Shields
 20704 | Snake:1  | Reached skill level 15 in Armour
 21216 | Snake:2  | Reached skill level 14 in Axes
 21306 | Snake:2  | Reached skill level 11 in Fighting
 21973 | Snake:3  | Noticed a greater naga
 21982 | Snake:3  | Killed a greater naga
 21982 | Snake:3  | Reached skill level 15 in Axes
 22054 | Snake:4  | Entered Level 4 of the Snake Pit
 22067 | Snake:4  | Noticed MordorOrchid's ghost (adept MiGl)
 22088 | Snake:4  | Killed MordorOrchid's ghost
 22088 | Snake:4  | Reached skill level 12 in Fighting
 22396 | Snake:4  | Noticed a greater naga
 22400 | Snake:4  | Noticed a greater naga
 22402 | Snake:4  | Reached XP level 16. HP: 139/139 MP: 22/22
 22410 | Snake:4  | Killed a greater naga
 22410 | Snake:4  | Reached skill level 16 in Axes
 22420 | Snake:4  | Killed a greater naga
 22486 | Snake:4  | Noticed a greater naga
 22506 | Snake:4  | Noticed a greater naga
 22516 | Snake:4  | Killed a greater naga
 22520 | Snake:4  | Killed a greater naga
 22520 | Snake:4  | Reached skill level 13 in Fighting
 22532 | Snake:4  | Noticed a greater naga
 22546 | Snake:4  | Killed a greater naga
 22546 | Snake:4  | Reached skill level 17 in Axes
 22564 | Snake:4  | Noticed a greater naga
 22577 | Snake:4  | Killed a greater naga
 22684 | Snake:4  | Noticed a greater naga
 22700 | Snake:4  | Killed a greater naga
 22735 | Snake:4  | Reached skill level 18 in Axes
 22781 | Snake:4  | Reached skill level 14 in Fighting
 22807 | Snake:4  | Noticed a greater naga
 22811 | Snake:4  | Killed a greater naga
 22905 | Snake:4  | Noticed a greater naga
 22907 | Snake:4  | Noticed a greater naga
 22910 | Snake:4  | Noticed a greater naga
 22914 | Snake:4  | Killed a greater naga
 22919 | Snake:4  | Killed a greater naga
 22924 | Snake:4  | Killed a greater naga
 22924 | Snake:4  | Reached skill level 15 in Fighting
 22930 | Snake:4  | Noticed a greater naga
 22936 | Snake:4  | Noticed a greater naga
 22939 | Snake:4  | Killed a greater naga
 22946 | Snake:4  | Killed a greater naga
 22946 | Snake:4  | Reached XP level 17. HP: 156/156 MP: 23/23
 22978 | Snake:4  | Noticed a greater naga
 22984 | Snake:4  | Noticed a greater naga
 22995 | Snake:4  | Killed a greater naga
 23005 | Snake:4  | Killed a greater naga
 23010 | Snake:4  | Got a serpentine rune of Zot
 23063 | Snake:4  | Reached skill level 16 in Fighting
 23240 | Swamp:1  | Entered Level 1 of the Swamp
 23320 | Swamp:1  | Got an ichor-stained morningstar
 23325 | Swamp:1  | Identified the +7 morningstar of Resaprot {flame, rElec rC+ MP+9 Str-2} (You found it on level 1 of the Swamp)
 23482 | Swamp:3  | Reached skill level 17 in Fighting
 23789 | Swamp:4  | Entered Level 4 of the Swamp
 23938 | Swamp:4  | Noticed the 27-headed Lernaean hydra
 24201 | Swamp:4  | Reached skill level 18 in Fighting
 24221 | Swamp:4  | Killed the 27-headed Lernaean hydra
 24309 | Swamp:4  | Got a decaying rune of Zot
 24617 | D:13     | Found a runed door.
 24621 | D:13     | Found a glowing silver altar of Zin.
 24794 | D:13     | Reached skill level 19 in Fighting
 24857 | D:13     | Found Tagao's Book Shop.
 24949 | D:13     | Got a creamy pearl robe
 24950 | D:13     | Identified the +4 robe of the Wild Haggis {Regen+ Dex-5 SInv} (You found it on level 13 of the Dungeon)
 24974 | D:13     | Found a gate to the Vaults.
 25050 | Vaults:1 | Entered Level 1 of the Vaults
 25060 | Vaults:1 | Reached XP level 18. HP: 177/177 MP: 24/24
 25099 | Vaults:1 | Reached skill level 1 in Evocations
 25162 | Vaults:1 | Reached skill level 2 in Evocations
 25287 | Vaults:1 | Reached skill level 3 in Evocations
 25325 | Vaults:1 | Found Ruppic's Gadget Emporium.
 25330 | Vaults:1 | Found Dadani's Antique Armour Boutique.
 25332 | Vaults:1 | Bought a disc of storms for 300 gold pieces
 25427 | Vaults:1 | Reached skill level 20 in Fighting
 25506 | Vaults:1 | Reached skill level 4 in Evocations
 25663 | Vaults:1 | Reached skill level 5 in Evocations
 25709 | Vaults:1 | Found an iron altar of Okawaru.
 25739 | Vaults:1 | Found Muryrch's Antique Armour Shoppe.
 25963 | Vaults:1 | Reached skill level 6 in Evocations
 26153 | Vaults:2 | Found Ubbor Omn's Food Shoppe.
 26364 | Vaults:2 | Reached skill level 7 in Evocations
 26708 | Vaults:2 | Reached skill level 8 in Evocations
 26744 | Vaults:2 | Found a staircase to the Crypt.
 26864 | Vaults:2 | Reached skill level 9 in Evocations
 27173 | Vaults:2 | Noticed Saint Roka
 27188 | Vaults:2 | Killed Saint Roka
 27266 | Vaults:2 | Reached skill level 10 in Evocations
 27505 | Vaults:3 | Noticed Donald
 27511 | Vaults:3 | Killed Donald
 27511 | Vaults:3 | Reached XP level 19. HP: 172/185 MP: 26/26
 27563 | Vaults:3 | Reached skill level 11 in Evocations
 27763 | Vaults:3 | Found Nyeggauff's Magic Scroll Boutique.
 27770 | Vaults:3 | Bought 2 scrolls of magic mapping for 119 gold pieces
 27770 | Vaults:3 | Bought a scroll of fear for 59 gold pieces
 27996 | Vaults:3 | Reached skill level 12 in Evocations
 28314 | Vaults:3 | Reached skill level 13 in Evocations
 29017 | Vaults:4 | Reached skill level 14 in Evocations
 29581 | Vaults:5 | Entered Level 5 of the Vaults
 29589 | Vaults:5 | Reached skill level 15 in Evocations
 29589 | Vaults:5 | Reached XP level 20. HP: 193/193 MP: 30/30
 29634 | Vaults:5 | Noticed a golden dragon
 29638 | Vaults:5 | Reached skill level 16 in Evocations
 29669 | Vaults:5 | Noticed Mara
 29684 | Vaults:5 | Noticed hexophile's illusion
 29732 | Vaults:5 | Reached skill level 17 in Evocations
 29787 | Vaults:5 | Got a silver rune of Zot
 29872 | Vaults:5 | Noticed a golden dragon
 29901 | Vaults:5 | Killed a golden dragon
 29924 | Vaults:5 | Reached skill level 18 in Evocations
 29957 | Vaults:5 | Learned a level 5 spell: Phase Shift
 29963 | Vaults:5 | Learned a level 5 spell: Silence
 29985 | Vaults:5 | Learned a level 1 spell: Apportation
 29990 | Vaults:5 | Got a bronze leather armour
 29996 | Vaults:5 | Got a steaming broad axe
 29997 | Vaults:5 | Identified the +9 broad axe "Demonbane" {drain, rPois Dex+2} (You found it on level 5 of the Vaults)
 30074 | Vaults:5 | Got a warped flail {speed}
 30088 | Vaults:5 | Reached XP level 21. HP: 161/201 MP: 29/33
 30101 | Vaults:5 | Killed a golden dragon
 30312 | Vaults:5 | Learned a level 6 spell: Deflect Missiles
 30368 | Vaults:5 | Noticed hexophile's illusion
 30417 | Vaults:5 | Killed Mara
 30612 | Vaults:5 | Reached skill level 19 in Evocations
 30618 | Vaults:5 | Identified the Almanac of Battle Magic and the Blaze
 31139 | D:14     | Found an iron altar of Okawaru.
 31228 | D:14     | Got a pair of heavily runed gloves
 31235 | D:14     | Identified the +2 pair of gloves of Tulips {MR++ Stlth+} (You found it on level 14 of the Dungeon)
 31508 | Elf:1    | Entered Level 1 of the Elven Halls
 31686 | Elf:1    | Noticed Agnes
 31707 | Elf:1    | Killed Agnes
 31855 | Elf:1    | Found Jeymus's Assorted Antiques.
 31882 | Elf:1    | Bought a potion of lignification for 105 gold pieces
 32017 | Elf:3    | Entered Level 3 of the Elven Halls
 32121 | Elf:3    | Reached skill level 20 in Evocations
 32274 | Elf:3    | Got a brightly glowing steel ring
 32275 | Elf:3    | Identified the ring "Yrat" {*Corrode rPois AC+4 Str+2 Int+4} (You found it on level 3 of the Elven Halls)
 32283 | Elf:3    | Identified the Compendium of Flamy Unholy Magic (You found it on level 3 of the Elven Halls)
 32339 | Elf:3    | Got a translucent bronze ring
 32340 | Elf:3    | Identified the ring of Ceescham {rPois rC- MP+9 Int+2 Dex+3} (You found it on level 3 of the Elven Halls)
 32350 | Elf:3    | Got a transparent amber ring
 32353 | Elf:3    | Identified the ring of Haonyap {rElec rC+ Int+7} (You found it on level 3 of the Elven Halls)
 32369 | Elf:3    | Got a pitted chain mail
 32386 | Elf:3    | Reached skill level 1 in Translocations
 32394 | Elf:3    | Reached XP level 22. HP: 178/209 MP: 32/35
 32396 | Elf:3    | Reached skill level 2 in Translocations
 32421 | Elf:3    | Got a fine wooden ring
 32422 | Elf:3    | Identified the ring "Xouduenn" {MR+ Int+2 Dex+7} (You found it on level 3 of the Elven Halls)
 32493 | Elf:3    | Noticed Roxanne
 32511 | Elf:3    | Killed Roxanne
 32761 | D:12     | Reached skill level 3 in Translocations
 32849 | D:15     | Entered Level 15 of the Dungeon
 32911 | D:15     | Noticed hexophile's ghost (journeyman TrFi)
 32928 | D:15     | Killed hexophile's ghost
 32928 | D:15     | Reached skill level 4 in Translocations
 32945 | D:15     | Found a staircase to the Depths.
 32960 | Depths:1 | Entered Level 1 of the Depths
 33036 | Depths:1 | Reached skill level 5 in Translocations
 33263 | Depths:1 | Reached skill level 6 in Translocations
 33329 | Depths:2 | Reached skill level 1 in Spellcasting
 33421 | Depths:3 | Reached skill level 2 in Spellcasting
 33444 | Depths:3 | Found a one-way gate to the infinite horrors of the Abyss.
 33493 | Depths:3 | Found a one-way gate leading to the halls of Pandemonium.
 33503 | Depths:3 | Found a gateway to Hell.
 33535 | Depths:3 | Reached skill level 7 in Translocations
 33598 | Hell     | Entered the Vestibule of Hell
 33598 | Hell     | Noticed Geryon
 33610 | Hell     | Reached skill level 3 in Spellcasting
 33631 | Hell     | Noticed Murray
 33667 | Depths:3 | Killed Murray
 33995 | Hell     | Killed Geryon
 33995 | Hell     | Reached skill level 4 in Spellcasting
 34023 | Hell     | Reached skill level 8 in Translocations
 34026 | Hell     | Found a gateway to the ashen valley of Gehenna.
 34047 | Geh:1    | Entered Level 1 of Gehenna
 34047 | Geh:1    | Found a gateway to Hell.
 34160 | Geh:2    | Found a gateway to Hell.
 34181 | Geh:3    | Found a gateway to Hell.
 34186 | Geh:3    | Found a gateway to Hell.
 34254 | Geh:3    | Reached skill level 5 in Spellcasting
 34333 | Geh:3    | HP: 3/209 [Brimstone Fiend/blast of hellfire[the effects of Hell] (37)]
 34406 | Geh:4    | Found a gateway to Hell.
 34408 | Geh:4    | Gained mutation: Potions and wands are less effective at restoring your health. [mutagenic glow]
 34426 | Geh:4    | Reached XP level 23. HP: 185/215 MP: 24/36
 34439 | Geh:5    | Found a gateway to Hell.
 34465 | Geh:5    | Gained mutation: You are resistant to hostile enchantments. [mutagenic glow]
 34471 | Geh:5    | Found a gateway to Hell.
 34514 | Geh:6    | Found a gateway to Hell.
 34526 | Geh:6    | Reached skill level 9 in Translocations
 34547 | Geh:6    | Found a gateway to Hell.
 34593 | Geh:6    | Found a gateway to Hell.
 34636 | Geh:6    | Reached skill level 6 in Spellcasting
 34646 | Geh:7    | Entered Level 7 of Gehenna
 34646 | Geh:7    | Found a gateway to Hell.
 34646 | Geh:7    | Found a gateway to Hell.
 34646 | Geh:7    | Found a gateway to Hell.
 34646 | Geh:7    | Found a gateway to Hell.
 34912 | Geh:7    | Reached skill level 7 in Spellcasting
 34934 | Geh:7    | Reached skill level 10 in Translocations
 35110 | Geh:7    | Noticed Asmodeus
 35113 | Geh:7    | Got an obsidian rune of Zot
 35151 | Geh:7    | Killed from afar by a Brimstone Fiend

Table legend:
 A = Turns spent in this place as a percentage of turns spent in the entire game.
 B = Non-inter-level travel turns spent in this place as a percentage of non-inter-level travel turns spent in the entire game.
 C = Inter-level travel turns spent in this place as a percentage of turns spent in this place.
 D = Turns resting spent in this place as a percentage of non-inter-level travel turns spent in this place.
 E = Turns spent auto-exploring this place as a percentage of non-inter-level travel turns spent in this place.
 F = Non-inter-level travel turns spent in this place divided by the number of levels of this place that you've seen.
                   A       B       C       D       E      F
               +-------+-------+-------+-------+-------+----------------------
         Total | 100.0 | 100.0 |   0.5 |   0.9 |   7.1 | 289.9
       Dungeon |  26.8 |  26.7 |   0.8 |   1.6 |   8.8 | 299.6
        Temple |   0.3 |   0.3 |   1.9 |   0.0 |   1.9 |  53.0
          Lair |  13.3 |  13.3 |   0.4 |   0.5 |  10.5 | 279.9
         Swamp |   4.4 |   4.3 |   0.7 |   0.8 |   3.8 | 182.8
     Snake Pit |   8.7 |   8.7 |   0.4 |   0.5 |   8.1 | 367.2
  Orcish Mines |   6.3 |   6.3 |   0.8 |   2.4 |  12.5 | 264.5
   Elven Halls |   5.3 |   5.3 |   1.0 |   0.2 |   1.2 | 297.3
        Vaults |  18.9 |  18.9 |   0.3 |   0.4 |   8.3 | 635.6
        Depths |   4.3 |   4.3 |   0.0 |   0.7 |   0.0 | 181.2
          Hell |   0.8 |   0.8 |   0.0 |   0.0 |   0.0 | 138.0
       Gehenna |   6.7 |   6.7 |   0.0 |   0.5 |   0.0 | 162.0
     Labyrinth |   2.4 |   2.5 |   0.0 |   0.0 |   0.0 | 412.0
        Bailey |   1.7 |   1.7 |   0.0 |   0.0 |   0.0 | 291.0
               +-------+-------+-------+-------+-------+----------------------

Table legend:
 A = Kills in this place as a percentage of kills in entire the game.
 B = Kills by you in this place as a percentage of kills by you in the entire game.
 C = Kills by friends in this place as a percentage of kills by friends in the entire game.
 D = Other kills in this place as a percentage of other kills in the entire game.
 E = Experience gained in this place as a percentage of experience gained in the entire game.
 F = Experience gained in this place divided by the number of levels of this place that you have seen.
                   A       B       C       D       E      F
               +-------+-------+-------+-------+-------+----------------------
         Total | 100.0 | 100.0 | 100.0 | 100.0 | 100.0 | 15903.1
       Dungeon |  21.4 |  21.6 |  19.6 |   8.0 |   7.4 | 4529.1
          Lair |  13.0 |  12.9 |  28.3 |   0.0 |   5.5 | 6345.1
         Swamp |   4.1 |   3.8 |  17.4 |   0.0 |   4.6 | 10645.0
     Snake Pit |  10.7 |  10.6 |   4.3 |  32.0 |  14.4 | 33163.5
  Orcish Mines |   7.7 |   7.8 |   6.5 |   0.0 |   1.9 | 4279.0
   Elven Halls |   4.6 |   4.7 |   0.0 |   4.0 |   8.8 | 27002.7
        Vaults |  22.6 |  22.7 |  13.0 |  32.0 |  36.1 | 66524.4
        Depths |   4.1 |   3.9 |   2.2 |  20.0 |   6.7 | 15375.2
          Hell |   1.5 |   1.3 |   8.7 |   4.0 |   2.4 | 22366.0
       Gehenna |   9.5 |   9.9 |   0.0 |   0.0 |  12.2 | 16099.6
     Labyrinth |   0.0 |   0.0 |   0.0 |   0.0 |   0.1 | 824.0
        Bailey |   0.6 |   0.6 |   0.0 |   0.0 |   0.0 | 311.0
               +-------+-------+-------+-------+-------+----------------------

Vanquished Creatures
  the Lernaean hydra (Swamp:4)
  Saint Roka (Vaults:2)
  2 golden dragons (Vaults:5)
  6 Brimstone Fiends
  3 tentacled monstrosities (Vaults:5)
  Rupert (Orc:4)
  4 liches
  2 titans (Vaults:5)
  A deep elf master archer (Elf:3)
  2 deep elf blademasters (Elf:3)
  The ghost of MordorOrchid the Warrior, an adept MiGl of Fedhas (Snake:4)
  Gastronok (Orc:2)
  2 sphinxes (Vaults:5)
  Agnes (Elf:1)
  6 tengu reavers
  16 greater nagas
  The ghost of hexophile the Brawler, a journeyman TrFi of Yredelemnul (D:15)
  3 shadow dragons (Vaults:5)
  Roxanne (Elf:3)
  2 storm dragons (Vaults:5)
  3 fire giants
  13 deep elf sorcerers
  Donald (Vaults:3)
  3 frost giants
  10 vault wardens
  Aizul (Snake:1)
  Louise (Snake:1)
  7 balrugs
  An angel (D:13)
  15 ironheart preservers
  2 spriggan defenders (Depths:3)
  2 reapers
  13 very ugly things
  6 deep elf demonologists
  2 war gargoyles (Hell)
  12 stone giants
  6 salamander firebrands
  3 salamander stormcallers
  4 deep elf annihilators (Elf:3)
  A minotaur (Lab)
  13 ettins
  A blizzard demon (Hell)
  An eidolon (Vaults:2)
  7 deep elf death magi
  20 ogre magi
  Snorg (Lair:3)
  29 vault guards
  3 large abominations
  A crystal guardian (Vaults:3)
  8 yaktaur captains
  7 deep elf high priests
  3 fire dragons
  5 great orbs of eyes
  A quicksilver dragon zombie (Geh:6)
  An entropy weaver (Depths:3)
  21 naga warriors
  2 quicksilver dragon skeletons
  2 ice dragons
  12 hydras
  2 small abominations
  A spriggan air mage (Depths:3)
  A catoblepas (Lair:7)
  10 alligators
  6 anacondas
  4 centaur warriors
  A dancing weapon (Vaults:5)
  10 naga sharpshooters
  5 orc high priests (Orc:4)
  A titan zombie (D:15)
  2 shock serpents (Snake:2)
  Urug (D:12)
  4 death yaks (Lair:8)
  2 hell hogs (Hell)
  2 deep troll earth magi (Depths:1)
  2 soul eaters
  Sonja (D:10)
  9 sun demons
  An iron golem (Hell)
  21 hell knights
  3 shadow wraiths
  A titan skeleton (Depths:1)
  5 wizards
  11 deep trolls
  11 skeletal warriors
  10 deep elf knights
  2 ice devils (Hell)
  4 fire crabs
  A sea snake (Snake:1)
  A fire crab (shapeshifter) (Vaults:3)
  A spriggan druid (Swamp:4)
  2 anaconda zombies
  An unseen horror (shapeshifter) (Depths:3)
  3 unseen horrors
  4 golden dragon zombies
  2 salamander mystics
  4 hill giants
  11 ironbrand convokers
  2 giant orange brains
  6 deep elf summoners (Elf:1)
  4 flayed ghosts
  An anaconda skeleton (Geh:3)
  9 swamp dragons
  11 necromancers
  3 shadow dragon zombies
  10 orc knights
  2 harpies
  13 naga ritualists
  9 deep elf conjurers
  4 wolf spiders
  2 frost giant zombies
  4 phantasmal warriors
  2 wolf spider zombies
  A hornet (shapeshifter) (Vaults:3)
  7 mana vipers
  A mana viper (shapeshifter) (Elf:3)
  38 ugly things
  2 fire giant zombies
  6 guardian serpents
  7 cyclopes
  A shining eye (shapeshifter) (Vaults:5)
  13 salamanders
  15 vault sentinels
  3 hornets
  A stone giant skeleton (Geh:7)
  A manticore (D:15)
  7 molten gargoyles
  A fire giant skeleton (Geh:7)
  5 rust devils
  Joseph (D:10)
  An octopode (shapeshifter) (Vaults:1)
  3 spriggan zombies
  A dire elephant zombie (Geh:6)
  14 elephants
  13 naga magi
  A torpor snail (Lair:8)
  41 black mambas
  17 spiny frogs
  2 smoke demons (Geh:7)
  2 yaktaur zombies
  2 dire elephant skeletons
  2 fire drakes
  A salamander skeleton (Vaults:2)
  4 kobold demonologists
  19 yaktaurs
  A demonic crawler (Hell)
  12 hellions
  6 red devils
  2 efreet
  6 komodo dragons
  A redback zombie (D:14)
  3 tormentors
  A jumping spider (Vaults:2)
  A harpy zombie (Geh:7)
  5 trolls
  3 tengu conjurers
  10 deep elf priests
  A hydra zombie (Swamp:1)
  2 blue devils
  A merfolk (D:10)
  A polar bear (shapeshifter) (Vaults:3)
  A queen bee (shapeshifter) (Elf:3)
  16 blink frogs
  A freezing wraith (Vaults:1)
  A troll (shapeshifter) (Vaults:3)
  A hydra skeleton (Hell)
  46 slime creatures
  A fire dragon zombie (Geh:7)
  A giant leech (Swamp:4)
  An ettin zombie (Geh:7)
  6 boulder beetles
  6 bog bodies
  29 two-headed ogres
  A centaur simulacrum (D:15)
  A tarantella (Vaults:2)
  21 flying skulls
  6 shadows
  A trapdoor spider (shapeshifter) (Vaults:1)
  A fire dragon skeleton (Geh:6)
  9 redbacks
  A human (shapeshifter) (Vaults:3)
  A stone giant simulacrum (Vaults:1)
  5 vampires
  3 spriggans
  3 ettin skeletons
  A water elemental (Depths:3)
  15 wraiths
  A spriggan (shapeshifter) (Vaults:3)
  3 wyverns
  A black mamba skeleton (Geh:7)
  26 deep elf magi
  A hippogriff (shapeshifter) (Vaults:3)
  14 hippogriffs
  A hungry ghost (D:12)
  20 deep elf fighters
  4 hogs (D:10)
  17 humans (D:13)
  2 fire bats (Geh:2)
  10 fire elementals
  6 mottled dragons
  22 vampire mosquitoes
  24 wolves
  3 steam dragons
  5 basilisks
  A warg (Vaults:2)
  36 yaks
  A fire bat (shapeshifter) (Depths:1)
  3 insubstantial wisps (Swamp:4)
  14 water moccasins
  3 swamp worms
  71 nagas
  15 hell hounds
  2 sky beasts
  41 orc warriors
  A deep troll skeleton (Vaults:2)
  5 porcupines
  59 ogres
  3 wasps
  4 phantoms
  9 black bears (D:10)
  12 swamp drakes
  5 ice beasts
  5 centaurs
  18 crocodiles
  A swamp dragon skeleton (Geh:3)
  8 boggarts
  An orc skeleton (Vaults:2)
  23 giant frogs
  2 wyvern zombies
  8 big kobolds
  A human zombie (Vaults:2)
  A gnoll sergeant (D:10)
  A wyvern skeleton (D:6)
  A glowing shapeshifter simulacrum (Vaults:3)
  2 scorpions
  9 killer bees
  A spriggan skeleton (Geh:5)
  21 wights
  8 electric eels
  11 crimson imps
  36 orc priests
  3 centaur zombies
  9 jellies
  2 quasits
  2 wasp zombies (D:7)
  2 giant frog zombies
  11 hounds
  14 iguanas
  20 orc wizards
  2 centaur skeletons
  2 giant frog skeletons
  A killer bee zombie (D:8)
  24 sheep
  11 worker ants
  A giant frog simulacrum (D:9)
  5 hound zombies
  2 gnolls (D:3)
  5 adders
  47 river rats
  3 shadow imps
  An ufetubus (D:9)
  An ooze (D:5)
  5 worms
  An adder simulacrum (D:9)
  3 adder skeletons
  5 giant geckos
  131 orcs
  A ball python (D:2)
  4 giant cockroaches
  11 goblins
  3 hobgoblins
  11 jackals
  24 kobolds
  7 bats
  4 giant newts
  2 jackal skeletons
  9 quokkas
  A rat (D:1)
  A bush (Lair:8)
  6 crawling corpses
  4 fire vortices
  3 fungi
  8 plants
2029 creatures vanquished.

Vanquished Creatures (collateral kills)
  Mara (Vaults:5)
  Geryon (Hell)
  Murray (Depths:3)
  A vault warden (Vaults:2)
  6 hydras
  An iron golem (Hell)
  A torpor snail (Lair:3)
  A spiny frog (Swamp:1)
  A rust devil (Hell)
  A black mamba (Snake:4)
  A red devil (Hell)
  A hornet zombie (Swamp:1)
  3 redbacks (Vaults:2)
  4 yaks (Lair:3)
  A spriggan (Swamp:1)
  A vampire mosquito (Swamp:1)
  2 swamp worms (Swamp:1)
  A naga (Snake:2)
  A hippogriff (Lair:8)
  3 orc warriors (D:10)
  An ogre (Orc:4)
  A crocodile (Lair:3)
  A giant frog (D:10)
  An electric eel (D:10)
  A hound (D:4)
  An orc wizard (Orc:4)
  2 orc priests (D:10)
  An iguana (Lair:3)
  A river rat (Lair:8)
  2 orcs
  A goblin (D:10)
46 creatures vanquished.

Vanquished Creatures (others)
  A deep elf master archer (Elf:3)
  A stone giant (Vaults:4)
  5 yaktaur captains
  Josephine (D:10)
  A centaur warrior (Vaults:2)
  6 naga sharpshooters
  An ice devil (Hell)
  A spriggan druid (Swamp:3)
  A black mamba (Snake:4)
  4 yaktaurs
  A vampire mosquito (Vaults:3)
  A naga (Snake:4)
  A boggart (Depths:2)
  An ogre (Vaults:5)
  A centaur (Depths:1)
  An orc (D:15)
  A crawling corpse (Vaults:5)
  2 fungi
  12 plants
43 creatures vanquished.

Grand Total: 2118 creatures vanquished
